 Dungeon Crawl Stone Soup version 0.32-a0-666-ge8a88695a4 (webtiles) character file.

Game seed: 6767374562146876216

34 Esekla the Sneak (level 3, -1/26 HPs)
             Began as an Octopode Delver on Mar 10, 2024.
             Killed from afar by an orc wizard (7 damage)
             ... with a magic dart
             ... on level 6 of the Dungeon.
             The game lasted 00:03:40 (411 turns).

Esekla the Sneak (Octopode Delver)                   Turns: 411, Time: 00:03:41

Health: -1/26      AC:  1    Str: 11    XL:     3   Next: 31%
Magic:  1/4        EV: 13    Int: 14    God:
Gold:   82         SH:  0    Dex: 13    Spells: 4/4 levels left

rFire   . . .        a - +0 falchion
rCold   . . .        (no shield)
rNeg    . . .        (helmet restricted)
rPois   .            (no amulet)
rElec   .            (no ring)
rCorr   .            (no ring)
SInv    .            (no ring)
Will    .....        (no ring)
Stlth   ++++         (no ring)
HPRegen 0.24/turn    (no ring)
MPRegen 0.09/turn    (no ring)
                     (no ring)

%: no passive effects
@: no status effects
A: almost no armour, amphibious, 8 rings, camouflage 1, gelatinous body 1,
(nimble swimmer 1), tentacles
a: no special abilities


You were on level 6 of the Dungeon.
You visited 1 branch of the dungeon, and saw 2 of its levels.

You collected 82 gold pieces.

Inventory:

Hand Weapons
 a - a +0 falchion (weapon)
Missiles
 g - 6 poisoned darts (quivered)
Wands
 c - a wand of mindburst (5)
 f - a wand of digging (3)
Scrolls
 b - a scroll of fog
 d - a scroll of fear
Potions
 e - 2 potions of haste
 h - a potion of berserk rage {unknown}


   Skills:
 * Level 3.2 Fighting
 + Level 2.1 Long Blades
 * Level 2.2 Dodging
 + Level 7.2 Stealth
 * Level 1.0 Spellcasting


You had 4 spell levels left.
You didn't know any spells.
Your spell library was empty.

Dungeon Overview and Level Annotations

Branches:
Dungeon (6/15)
 Temple: D:4-7

Altars:

Shops:
D:5 =


Innate Abilities, Weirdness & Mutations

You cannot wear most types of armour.
You are amphibious.
You can wear up to eight rings at the same time.
Your skin changes colour to match your surroundings (Stealth+).
Your rubbery body absorbs attacks. (AC +1, EV +1)
((You are camouflaged when in or above water. (Stealth+)))
You have tentacles for arms and can constrict up to eight enemies at once.


Message History

You bump into the rock wall.
You constrict the orc wizard.
You kill the orc wizard!
Your Stealth skill increases to level 7!
You have reached level 2!
You have reached level 3!
Your experience leads to an increase in your attributes!
Increase (S)trength, (I)ntelligence, or (D)exterity?
You feel clever. x2
You bump into the rock wall.
The orc completely misses you.
You bump into the rock wall.
The orc misses you.
You hit the orc.
The orc is heavily wounded.
You feel less confused.
An orc wizard comes into view. It is wielding a +0 dagger.
The orc barely misses you.
The orc wizard shouts!
You hit the orc.
You kill the orc!
You hear a shout!
You barely miss the orc. Your grab misses the orc. The orc closely misses you.
An orc comes into view. It is wielding a +0 short sword.
The orc hits you with a +0 hand axe.
You slash the orc!
You kill the orc!
The orc wizard casts a spell.
The orc wizard flickers and vanishes!
Deactivating autopickup; reactivate with Ctrl-A.
Your Spellcasting skill increases to level 1!
You hit the sleepcap. You grab the sleepcap.
The sleepcap is lightly damaged.
You constrict the sleepcap. The sleepcap releases spores at you.
* * * LOW HITPOINT WARNING * * *
You hit the sleepcap. You squeeze the sleepcap.
The sleepcap is moderately damaged.
You constrict the sleepcap. The sleepcap closely misses you.
You slash the sleepcap! You squeeze the sleepcap!
You destroy the sleepcap!
A magic dart appears from out of thin air!
The magic dart hits you!
You die...

..###.##..##.#.##
....o##..##.#B#
.o........#.#.#
#.###o###..#.#.#
...o...........##
..oo....ooo...$..
......###{#######
##### #)# #@# #.#
#.# #.# ###


You could see 3 orcs.

Vanquished Creatures
  A sleepcap (D:6)
  An orc wizard (D:6)
  4 orcs (D:6)
6 creatures vanquished.

Notes
Turn   | Place    | Note
-------+----------+-------------------------------------------
     0 | D:5      | Esekla the Octopode Delver began the quest for the Orb.
     0 | D:5      | Reached XP level 1. HP: 16/16 MP: 1/1
    33 | D:5      | Found Hissan's Jewellery Shop.
   181 | D:6      | Noticed a jelly
   197 | D:6      | Noticed an iguana
   261 | D:6      | Noticed an iguana
   271 | D:6      | Noticed a bullfrog
   318 | D:6      | Noticed a jelly
   347 | D:6      | Noticed a sleepcap
   381 | D:6      | Noticed a bombardier beetle
   388 | D:6      | Noticed an orc wizard
   402 | D:6      | Killed an orc wizard
   403 | D:6      | Reached skill level 7 in Stealth
   403 | D:6      | Reached XP level 2. HP: 13/21 MP: 1/3
   403 | D:6      | Reached XP level 3. HP: 16/26 MP: 1/4
   409 | D:6      | Reached skill level 1 in Spellcasting
   411 | D:6      | Killed from afar by an orc wizard

Illustrated notes

Levels and vault maps discovered:
D:5:      layout_loops_ring, ebering_ghost_rock_garden,
          minmay_shop_enchanted_jewellery
D:6:      layout_basic, mainiacjoe_overflow_divided_tiny

Skill      XL: |  1  2  3 |
---------------+----------+-----
Stealth        | 7 |  7.2
Spellcasting   | 1 |  1.0
Fighting       | |  3.2
Long Blades    | |  2.1
Dodging        | |  2.2

Action                     || total
---------------------------++-------
  Melee: Falchion          ||    14
         Constrict         ||     3
         Tentacles         ||     3
    Use: Scroll            ||     1
 Armour: Skin              ||     6
  Dodge: Dodged            ||     9

Table legend: (Time is in decaauts)
 A = Elapsed time spent in this place.
 B = Non-inter-level travel time spent in this place.
 C = Inter-level travel time spent in this place.
 D = Time resting spent in this place.
 E = Time spent auto-exploring this place.
 F = Levels seen in this place.
 G = Mean time per level.
                   A        B        C        D        E       F      G
               +--------+--------+--------+--------+--------+-----+--------+
         Total |    413 |    413 |      0 |     49 |      0 |   2 |  206.5 |
       Dungeon |    413 |    413 |      0 |     49 |      0 |   2 |  206.5 |
               +--------+--------+--------+--------+--------+-----+--------+

Top non-repeatable levels by time:
     D:6: 349 daAuts
     D:5: 64 daAuts
